 Dungeon Crawl Stone Soup version 0.31-a0-664-g902f515a81 (webtiles) character file.

Game seed: 13119797180649460979

169 senseless the Charlatan (level 5, 26/26 HPs)
             Began as a Spriggan Artificer on Sept 2, 2023.
             Quit the game on level 2 of the Dungeon.
             The game lasted 00:04:18 (2044 turns).

senseless the Charlatan (Spriggan Artificer)        Turns: 2044, Time: 00:04:19

Health: 26/26      AC:  2    Str:  8    XL:     5   Next: 25%
Magic:  6/6        EV: 19    Int: 12    God:
Gold:   73         SH:  0    Dex: 18    Spells: 4/4 levels left

rFire   . . .        c - +2 flail (protect)
rCold   . . .        (no shield)
rNeg    . . .        l - +0 robe
rPois   .            (helmet restricted)
rElec   .            (no cloak)
rCorr   .            (gloves unavailable)
SInv    +            (boots unavailable)
Will    .....        (no amulet)
Stlth   +++          (no ring)
HPRegen 0.24/turn    (no ring)
MPRegen 0.10/turn

%: no passive effects
@: very quick
A: very small, no large weapons, unfitting armour, see invisible, speed 3
a: no special abilities


You were on level 2 of the Dungeon.
You visited 1 branch of the dungeon, and saw 2 of its levels.

You collected 73 gold pieces.

Inventory:

Hand Weapons
 a - a +1 dagger of protection
 b - a +0 sling
 c - a +2 flail of protection (weapon)
Armour
 l - a +0 robe (worn)
Wands
 d - a wand of charming (15)
 e - a wand of iceblast (5)
Scrolls
 m - a scroll of fog {unknown}
Potions
 f - a potion of enlightenment {unknown}
 g - a potion of attraction {unknown}
 h - 2 potions of heal wounds {unknown}
 i - a potion of curing {unknown}
 j - 2 potions of lignification {unknown}
 k - 2 potions of brilliance {unknown}


   Skills:
 + Level 2.1 Fighting
 + Level 4.6 Dodging
 + Level 4.1 Stealth
 + Level 5.2 Evocations


You had 4 spell levels left.
You didn't know any spells.
Your spell library contained the following spells:

 Spells                   Type           Power      Damage    Failure   Level
 Static Discharge         Conj/Air       0%         2-2/arc   45%         2
 Airstrike                Air            0%         2d(0-16)  97%         4
 Animate Dead             Necr           0%         N/A       97%         4
 Summon Lightning Spire   Summ/Air       0%         N/A       97%         4
 Haunt                    Necr/Summ      0%         N/A       100%        7
 Infestation              Necr           0%         N/A       100%        8


Dungeon Overview and Level Annotations

Branches:
Dungeon (2/15)

Altars:


Innate Abilities, Weirdness & Mutations

You are very small and have problems with some larger weapons.
You are too small for most types of armour.
You have supernaturally acute eyesight. (SInv)
You cover ground extremely quickly. (Speed+++)


Message History

Natasha is almost dead.
The cerulean imp hits you from afar with a +2 spear.
The cerulean imp completely misses you. Natasha barely misses you.
The cerulean imp misses you. The cerulean imp barely misses you.
You barely miss Natasha.
Natasha is almost dead.
Natasha misses you. The cerulean imp misses you.
The cerulean imp hits you but does no damage.
Natasha completely misses you.
You hit Natasha but do no damage.
Natasha is almost dead.
The cerulean imp misses you. The cerulean imp barely misses you.
Natasha mumbles some strange words.
You thump Natasha!
You kill Natasha!
Natasha yowls pathetically as she dies!
The cerulean imp disappears in a puff of smoke! x3
No target in view!
You now have 56 gold pieces (gained 7).
m - a scroll labelled LIC HIYXTOREOC
Found a giant spiked club.
You now have 73 gold pieces (gained 17).
You open the door.
There is an open door here.
There is a stone staircase leading down here.
There is a stone staircase leading down here.
There is an open door here.
You see here a +0 giant spiked club.
You open the door.
There is an open door here.
Found a ring mail.
You see here a +0 ring mail.
Found an escape hatch in the floor.
There is an escape hatch in the floor here.
Found a stone staircase leading up.
Done exploring.
Done exploring.
Welcome back, senseless the Spriggan Artificer.
Press ? for a list of commands and other information.
Are you sure you want to abandon this character and quit the game? (Confirm with "yes".)

...........#
...........#####
##.#######.....#
##.# #####.# #.#
#...# #.#
#.####### ##.#
#.#..>..# ...#
#.#.###.# ####
#.#.#@..#
#.#.#.###
#.#.#.# #.#.#<#
#.#.#####
#.#.....#
#.#####.# #.#
#.# #.# #.#


There were no monsters in sight!

Vanquished Creatures
  Terence (D:2)
  Natasha (D:2)
  3 gnolls (D:2)
  4 adders (D:2)
  5 bats
  3 endoplasms
  4 giant cockroaches
  4 goblins (D:1)
  5 hobgoblins
  2 jackals (D:1)
  A quokka (D:1)
  9 ball pythons
  6 frilled lizards
  2 kobolds (D:1)
  7 rats
57 creatures vanquished.

Notes
Turn   | Place    | Note
-------+----------+-------------------------------------------
     0 | D:1      | senseless the Spriggan Artificer began the quest for the
                  | Orb.
     0 | D:1      | Reached XP level 1. HP: 9/9 MP: 2/2
   170 | D:1      | Reached skill level 1 in Fighting
   224 | D:1      | Reached XP level 2. HP: 10/14 MP: 3/3
   777 | D:1      | Reached XP level 3. HP: 17/18 MP: 4/4
  1322 | D:2      | Reached XP level 4. HP: 14/22 MP: 5/5
  1456 | D:2      | Reached skill level 5 in Evocations
  1586 | D:2      | Noticed Terence
  1604 | D:2      | Killed Terence
  1605 | D:2      | Reached XP level 5. HP: 8/26 MP: 6/6
  1733 | D:2      | Noticed Natasha
  1751 | D:2      | Killed Natasha
  2044 | D:2      | Quit the game

Illustrated notes

Levels and vault maps discovered:
D:1:      dpeg_arrival_renting, layout_basic
D:2:      layout_basic, uniq_natasha, uniq_terence

Skill      XL: |  1  2  3  4  5 |
---------------+----------------+-----
Fighting       | 1 2 |  2.1
Stealth        | 2 3 4 |  4.1
Dodging        | 4 |  4.6
Evocations     | 5 |  5.2

Action                     |  1- 3 |  4- 6 || total
---------------------------+-------+-------++-------
  Melee: Dagger            |   165 |    45 ||   210
         Club              |     8 |       ||     8
         Punch             |     1 |     1 ||     2
         Flail             |       |    15 ||    15
   Fire: Sling             |     4 |       ||     4
  Evoke: Wand              |     5 |    10 ||    15
   Stab: Sleeping          |     4 |     4 ||     8
 Armour: Robe              |    54 |    24 ||    78
  Dodge: Dodged            |   188 |    60 ||   248

Table legend: (Time is in decaauts)
 A = Elapsed time spent in this place.
 B = Non-inter-level travel time spent in this place.
 C = Inter-level travel time spent in this place.
 D = Time resting spent in this place.
 E = Time spent auto-exploring this place.
 F = Levels seen in this place.
 G = Mean time per level.
                   A        B        C        D        E       F      G
               +--------+--------+--------+--------+--------+-----+--------+
         Total |   1477 |   1476 |      1 |      0 |   1083 |   2 |  738.5 |
       Dungeon |   1477 |   1476 |      1 |      0 |   1083 |   2 |  738.5 |
               +--------+--------+--------+--------+--------+-----+--------+

Top non-repeatable levels by time:
     D:1: 809 daAuts
     D:2: 667 daAuts
